 Dungeon Crawl Stone Soup version 0.29-a0-371-g91724d5b39 (webtiles) character file.

Game seed: 17037809712382412945

24 psuckher the Sneak (level 3, -1/26 HPs)
             Began as an Octopode Delver on May 2, 2022.
             Slain by a scorpion (3 damage)
             ... on level 5 of the Dungeon.
             The game lasted 00:00:28 (167 turns).

psuckher the Sneak (Octopode Delver)                 Turns: 167, Time: 00:00:28

Health: -1/26      AC:  1    Str: 13    XL:     3   Next: 2%
Magic:  3/3        EV: 13    Int: 12    God:
Gold:   0          SH:  0    Dex: 13    Spells: 2/2 levels left

rFire   . . .      SeeInvis .   a - +0 hand axe
rCold   . . .      Faith    .   (no shield)
rNeg    . . .      Spirit   .   (helmet restricted)
rPois   .          Reflect  .   (no amulet)
rElec   .          Harm     .   (no ring)
rCorr   .          Rampage  .   (no ring)
Will    .....                   (no ring)
Stlth   +++++.....              (no ring)
HPRegen 0.08/turn               (no ring)
MPRegen 0.08/turn               (no ring)
                                (no ring)
                                (no ring)

@: lethally poisoned (-1 -> -11)
A: almost no armour, amphibious, 8 rings, camouflage 1, gelatinous body 1,
(nimble swimmer 1), tentacles
a: no special abilities


You were on level 5 of the Dungeon.
You visited 1 branch of the dungeon, and saw 1 of its levels.

Inventory:

Hand Weapons
 a - a +0 hand axe (weapon)
Wands
 f - a wand of digging (3)
Scrolls
 b - a scroll of fog
 c - a scroll of magic mapping
 d - a scroll of fear
Potions
 e - a potion of haste


   Skills:
 + Level 3.1 Fighting
 + Level 2.0 Axes
 + Level 2.0 Dodging
 + Level 7.5 Stealth


You had 2 spell levels left.
You didn't know any spells.
Your spell library was empty.

Dungeon Overview and Level Annotations

Branches:
Dungeon (5/15)
 Temple: D:4-7

Altars:
Qazlal


Innate Abilities, Weirdness & Mutations

You cannot wear most types of armour.
You are amphibious.
You can wear up to eight rings at the same time.
Your skin changes colour to match your surroundings (Stealth+).
Your rubbery body absorbs attacks. (AC +1, EV +1)
((You are camouflaged when in or above water. (Stealth+)))
You have tentacles for arms and can constrict up to eight enemies at once.


Message History

You have reached level 3!
Your experience leads to an increase in your attributes!
Increase (S)trength, (I)ntelligence, or (D)exterity?
You feel stronger. x2
You see here an iguana corpse.
You see here a +0 leather armour.
HP restored.
You see here a +0 leather armour.
Found a mace.
A scorpion comes into view.
Found a metallic puce potion.
You closely miss the scorpion. Your grab misses the scorpion.
Your squeeze misses the scorpion. The scorpion barely misses you.
The scorpion stings you.
You are poisoned.
The scorpion poisons you!
You barely miss the scorpion. Your grab misses the scorpion.
You tentacle-slap the scorpion, but do no damage.
You feel sick. The scorpion misses you.
You closely miss the scorpion. You grab the scorpion. You squeeze the scorpion.
The scorpion is moderately wounded.
You constrict the scorpion, but do no damage.
You feel sick. The scorpion misses you.
You hit the scorpion.
The scorpion is moderately wounded.
You constrict the scorpion.
You feel sick. The scorpion barely misses you. The scorpion stings you.
You are lethally poisoned!
The scorpion poisons you!
You hit the scorpion.
The scorpion is heavily wounded.
You constrict the scorpion.
You feel very sick. The scorpion stings you.
* * * LOW HITPOINT WARNING * * *
You release your grip on the scorpion.
* * * LOW HITPOINT WARNING * * *
You feel very sick. The scorpion stings you.
You die...

##...........PPP
##..........PPPPPPP ...
####...†.........PP ...
.........<.......PP ....
...........≈≈≈§..PP.....
######........≈..PP.....
##....._.≈..PP.....
##.......≈.).......
##.........@s.......
#....#..............
##.[####.............
##..## ##............
#..## #............ #..#
##........... #..#
###......... #.##
###.....!. #.##


You could see a scorpion.

Vanquished Creatures
  An iguana (D:5)
1 creature vanquished.

Notes
Turn   | Place    | Note
-------+----------+-------------------------------------------
     0 | D:5      | psuckher the Octopode Delver began the quest for the Orb.
     0 | D:5      | Reached XP level 1. HP: 16/16 MP: 1/1
     3 | D:5      | Found a stormy altar of Qazlal.
     4 | D:5      | Noticed an iguana
    19 | D:5      | Killed an iguana
    20 | D:5      | Reached skill level 7 in Stealth
    20 | D:5      | Reached XP level 2. HP: 13/21 MP: 2/2
    20 | D:5      | Reached XP level 3. HP: 16/26 MP: 3/3
   159 | D:5      | Noticed a scorpion
   167 | D:5      | Slain by a scorpion

Illustrated notes

Levels and vault maps discovered:
D:5:      layout_layer_cave, okawaru_altar_gauntlet_db,
          mainiacjoe_overflow_chevrons, grunt_temple_overflow_diamond,
          nzn_random_ring

Skill      XL: |  1 |
---------------+----+-----
Stealth        | 7 |  7.5
Fighting       | |  3.1
Axes           | |  2.0
Dodging        | |  2.0

Action                   || total
-------------------------++-------
Melee: Hand axe          ||    11
       Constrict         ||     2
       Tentacles         ||     2
       Punch             ||     1
Dodge: Dodged            ||     9

Table legend: (Time is in decaauts)
 A = Elapsed time spent in this place.
 B = Non-inter-level travel time spent in this place.
 C = Inter-level travel time spent in this place.
 D = Time resting spent in this place.
 E = Time spent auto-exploring this place.
 F = Levels seen in this place.
 G = Mean time per level.
                   A        B        C        D        E       F      G
               +--------+--------+--------+--------+--------+-----+--------+
         Total |    169 |    169 |      0 |      0 |    110 |   1 |  169.0 |
       Dungeon |    169 |    169 |      0 |      0 |    110 |   1 |  169.0 |
               +--------+--------+--------+--------+--------+-----+--------+

Top non-repeatable levels by time:
     D:5: 169 daAuts
